 Dungeon Crawl Stone Soup version 0.29.1-15-g9cfb28693d (webtiles) character file.

Game seed: 9632868267506118529

44 BiteMe the Firebug (level 3, -3/24 HPs)
             Began as a Demonspawn Fire Elementalist on Apr 8, 2023.
             Slain by a gnoll
             ... wielding a +1 spear of venom
              (7 damage)
             ... on level 2 of the Dungeon.
             The game lasted 00:14:56 (1997 turns).

BiteMe the Firebug (Demonspawn Fire Elementalist)   Turns: 1997, Time: 00:14:56

Health: -3/24      AC:  6    Str:  8    XL:     3   Next: 39%
Magic:  1/7        EV: 12    Int: 18    God:
Gold:   39         SH:  0    Dex: 13    Spells: 4/7 levels left

rFire   . . .      SeeInvis .   i - +0 spear
rCold   . . .      Faith    .   (no shield)
rNeg    . . .      Spirit   .   a - +0 robe
rPois   .          Reflect  .   (no helmet)
rElec   .          Harm     .   (no cloak)
rCorr   .          Rampage  .   (no gloves)
Will    .....                   (no boots)
Stlth   ++........              (no amulet)
HPRegen 0.08/turn               n - +4 ring of protection
MPRegen 0.10/turn               (no ring)

@: lethally poisoned (-3 -> -9), attractive
A: spiny 1
a: no special abilities


You were on level 2 of the Dungeon.
You visited 1 branch of the dungeon, and saw 2 of its levels.

You collected 39 gold pieces.

Inventory:

Hand Weapons
 c - a +0 whip
 g - a +0 short sword
 h - a +0 dagger
 i - a +0 spear (weapon)
 m - a +0 short sword
Missiles
 k - 4 javelins
Armour
 a - a +0 robe (worn)
Jewellery
 n - a +4 ring of protection (left hand)
Scrolls
 e - 3 scrolls of identify {unknown}
Potions
 b - a potion of magic
 f - a potion of mutation {unknown}
 j - a potion of curing {unknown}
 l - a potion of lignification {unknown}


   Skills:
 + Level 2.0 Dodging
 - Level 1.7 Stealth
 * Level 2.8 Spellcasting
 + Level 1.5 Conjurations
 + Level 3.1 Fire Magic


You had 4 spell levels left.
You knew the following spells:

 Your Spells              Type           Power      Damage    Failure   Level
a - Foxfire               Conj/Fire      44%        2x1d6     6%          1
b - Scorch                Fire           28%        2d6       7%          2

Your spell library contained the following spells:

 Spells                   Type           Power      Damage    Failure   Level
 Conjure Flame            Conj/Fire      11%        6-21      19%         3
 Inner Flame              Hex/Fire       8%         N/A       26%         3
 Flame Wave               Conj/Fire      11%        2d6       54%         4


Dungeon Overview and Level Annotations

Branches:
Dungeon (2/15)

Altars:

Shops:
D:2 (

Annotations:
D:2 Sigmund


Innate Abilities, Weirdness & Mutations

You are partially covered in sharp spines.


Message History

Reach: i) +0 spear
Press: ? - help, Dir - move target, f - gnoll
Aim: a gnoll, wielding a +1 spear of venom (about 37% to evade your +0 spear)
You reach to attack!
You hit the gnoll.
The gnoll is moderately wounded.
The gnoll completely misses you.
Casting: Foxfire (safe; 6% risk of failure)
Press: ? - help, Q - select action, (/) - cycle Dir - look around, f - activate You conjure some foxfire!
The gnoll hits you from afar with a +1 spear of venom.
You are lethally poisoned!
Reach: i) +0 spear
Press: ? - help, Dir - move target, f - gnoll
Aim: a gnoll, wielding a +1 spear of venom (moderately wounded, ally target, about 37% to evade your +0 spear)
You reach to attack!
You barely miss the gnoll.
The gnoll is moderately wounded.
You feel very sick.
The foxfire hits the gnoll.
The gnoll is moderately wounded.
The foxfire hits the gnoll.
The gnoll is heavily wounded.
The gnoll barely misses you.
Casting: Foxfire (safe; 6% risk of failure)
Press: ? - help, Q - select action, (/) - cycle Dir - look around, f - activate You conjure some foxfire!
* * * LOW HITPOINT WARNING * * *
You feel sick. The gnoll closely misses you.
* * * LOW HITPOINT WARNING * * *
You feel sick.
The foxfire hits the gnoll.
The gnoll is severely wounded.
The foxfire hits the gnoll but does no damage.
The gnoll is severely wounded.
A gnoll comes into view. It is wielding a +0 whip.
The gnoll closely misses you.
It was a potion of attraction.
You feel attractive to monsters.
* * * LOW HITPOINT WARNING * * *
You feel sick.
The gnoll hits you from afar with a +1 spear of venom!
You die...

##.# #.####.# ...# #.# #
.#.##### ## ##.#
.......###..#..# .#
.#.#.#.##...#..# .##.
.......#.##.#.## ....
.#.#.#..###.#.# ...$.
.........##.#.####g#.##<
.#.#.#.##.#.#.#§@)......
.......##.#.#.#§§.†.....
.#.#.#......#.#.##.#.##.
.......#...##...# .# #
...........####.# #
###.#####..# #.# # #.#
#..# #.# .### #.#
#..####.##..... #.##
#............#


You could see a gnoll.

Vanquished Creatures
  A gnoll (D:2)
  A dart slug (D:1)
  3 endoplasms (D:1)
  2 giant cockroaches (D:2)
  3 goblins (D:1)
  4 hobgoblins
  3 quokkas
  2 ball pythons (D:2)
  2 bats
  A frilled lizard (D:2)
  4 kobolds
  2 rats
28 creatures vanquished.

Vanquished Creatures (others)
  75 foxfires
75 creatures vanquished.

Grand Total: 103 creatures vanquished

Notes
Turn   | Place    | Note
-------+----------+-------------------------------------------
     0 | D:1      | BiteMe the Demonspawn Fire Elementalist began the quest for
                  | the Orb.
     0 | D:1      | Reached XP level 1. HP: 13/13 MP: 3/3
   308 | D:1      | Gained mutation: You are partially covered in sharp spines.
                  | [demonic ancestry]
   308 | D:1      | Reached XP level 2. HP: 16/19 MP: 0/5
   771 | D:1      | Reached skill level 3 in Fire Magic
  1586 | D:2      | Noticed Sigmund
  1628 | D:2      | Reached XP level 3. HP: 23/24 MP: 4/7
  1631 | D:2      | Learned a level 2 spell: Scorch
  1793 | D:2      | Found Xyezoycw's Antique Weapon Boutique.
  1997 | D:2      | Slain by a gnoll

Illustrated notes

Levels and vault maps discovered:
D:1:      dpeg_arrival_long_road, layout_basic,
          hangedman_abyss_or_decor_lesser_grid
D:2:      layout_loops_ring, serial_co_window_serial, co_window_paths_a,
          co_window_paths_a, co_window_cross_1, co_window_paths_a,
          co_window_corner_a, co_window_corner_cb, co_window_unsneaky_path_a,
          co_window_corner_b, co_window_2corner, co_window_broadway_b,
          co_window_paths_c, co_window_4corner_b, co_window_paths_e,
          glass_columns_a, glass_columns_a, glass_columns_c, serial_shops,
          nicolae_shop_hallway_stairs, uniq_sigmund, uniq_jessica

Skill      XL: |  1  2  3 |
---------------+----------+-----
Fire Magic     | 3 |  3.1
Dodging        | 2 |  2.0
Stealth        | |  1.7
Spellcasting   | |  2.8
Conjurations   | |  1.5

Action                   || total
-------------------------++-------
Melee: Whip              ||     4
       Spear             ||     4
 Cast: Foxfire           ||    44
  Use: Potion            ||     1
Armor: Robe              ||     3
Dodge: Dodged            ||    19
